 Dungeon Crawl Stone Soup version 0.29.1-12-g30fa7ad0bf (webtiles) character file.

Game seed: 11700150239054982419

2239201 Rrauwl the Invulnerable (level 26, 239/239 HPs)
             Began as a Minotaur Fighter on Jan 5, 2023.
             Was an Initiate of Gozag.
             Escaped with the Orb
             ... and 4 runes on Jan 7, 2023!
             The game lasted 05:02:23 (72803 turns).

Rrauwl the Invulnerable (Minotaur Fighter)         Turns: 72803, Time: 05:02:24

Health: 239/239    AC: 41    Str: 35    XL:     26   Next: 4%
Magic:  22/22      EV: 15    Int:  5    God:    Gozag
Gold:   4058       SH: 30    Dex: 14    Spells: 17/25 levels left

rFire   + . .      SeeInvis +   a - +8 mithril axe "Arga" {speed, Will+}
rCold   + + .      Faith    .   M - +0 tower shield
rNeg    + . .      Spirit   .   j - +7 pearl dragon scales
rPois   +          Reflect  +   q - +3 crown of Dyrovepreva {rElec Int+2 SInv}
rElec   +          Harm     .   k - scarf {repulsion}
rCorr   .          Rampage  +   d - +3 pair of gauntlets of War {Slay+5}
Will    ++...                   Y - +2 pair of boots
Stlth   ..........              m - amulet "Wepsun" {Reflect Rampage +Blink rElec rPois SH+5}
HPRegen 1.29/turn               G - ring of Suprizoe {rF+ Str+6}
MPRegen 0.18/turn               o - ring of Xom's Castigation {+Blink Fly rC++ Int-2 Slay+4}

@: flying, studying Long Blades, bribing [the Dungeon, the Depths], repel
missiles
A: horns 2, retaliatory headbutt, fangs 1, frail 1, mutation resistance 1,
regeneration 1, sturdy frame 1
0: Orb of Zot
}: 4/15 runes: decaying, serpentine, slimy, silver
a: Renounce Religion, Evoke Blink, Potion Petition, Call Merchant, Bribe Branch


You escaped.
You worshipped Gozag.
Gozag was most pleased with you.
You visited 12 branches of the dungeon, and saw 56 of its levels.
You visited the Abyss 1 time.
You also visited: Ice Cave and Volcano.

You collected 32364 gold pieces.
You spent 9786 gold pieces at shops.
You paid 18520 gold pieces to Gozag.

Inventory:

Hand Weapons
 a - the +8 mithril axe "Arga" (weapon) {speed, Will+}
   (You found it on level 1 of the Swamp)

   Attacks with this weapon are significantly faster.
   Will:      It increases your willpower.
 b - a +9 broad axe of flaming
 l - a +3 vampiric broad axe
Missiles
 D - 15 atropa-tipped darts
 F - 6 throwing nets (quivered)
Armour
 d - the +3 pair of gauntlets of War (worn) {Slay+5}
   (You bought it in a shop on level 4 of the Depths)

   Slay:      It affects your accuracy & damage with ranged weapons and melee
   (+5).
 j - +7 pearl dragon scales (worn)
 k - a scarf of repulsion (worn)
 q - the +3 crown of Dyrovepreva (worn) {rElec Int+2 SInv}
   (You acquired it on level 5 of the Dungeon)

   Int:       It affects your intelligence (+2).
   rElec:     It insulates you from electricity.
   SInv:      It lets you see invisible.
 M - a +0 tower shield (worn)
 Y - a +2 pair of boots (worn)
Jewellery
 m - the amulet "Wepsun" (around neck) {Reflect Rampage +Blink rElec rPois SH+5}
   (You took it off a frost giant on level 5 of the Vaults)

   [amulet of reflection]

   It reflects blocked missile attacks.
   rElec:     It insulates you from electricity.
   rPois:     It protects you from poison.
   +Blink:    It lets you blink.
   SH:        It affects your SH (+5).
   Rampage:   It bestows one free step when moving towards enemies.
 n - a ring of willpower
 o - the ring of Xom's Castigation (right hand) {+Blink Fly rC++ Int-2 Slay+4}
   (You acquired it on level 4 of the Dungeon)

   [ring of slaying]

   Int:       It affects your intelligence (-2).
   Slay:      It affects your accuracy & damage with ranged weapons and melee
   (+4).
   rC:        It greatly protects you from cold.
   Fly:       It grants you flight.
   +Blink:    It lets you blink.
 G - the ring of Suprizoe (left hand) {rF+ Str+6}
   (You found it on level 5 of the Vaults)

   [ring of strength]

   Str:       It affects your strength (+6).
   rF:        It protects you from fire.
 U - a ring of resist corrosion
 Z - a ring of positive energy
Wands
 s - a wand of iceblast (17)
 x - a wand of polymorph (6)
 y - a wand of flame (56)
 J - a wand of digging (12)
 S - a wand of acid (12)
 T - a wand of charming (31)
 V - a wand of mindburst (17)
Scrolls
 i - 18 scrolls of teleportation
 p - 13 scrolls of fear
 r - 9 scrolls of poison
 v - 6 scrolls of blinking
 P - 9 scrolls of butterflies
 Q - 12 scrolls of magic mapping
Potions
 h - 2 potions of invisibility
 t - 27 potions of curing
 u - 2 potions of heal wounds
 z - a potion of resistance
 K - 6 potions of lignification
 L - 8 potions of attraction
 N - 3 potions of mutation
Miscellaneous
 c - a phantom mirror
 f - a phantom mirror
 g - a phantom mirror
 A - a phial of floods
 B - a box of beasts
 E - a condenser vane
 H - a phantom mirror
 I - a tin of tremorstones (2/2)
 W - a phantom mirror
 X - a piece from Xom's chessboard (15/15)


   Skills:
 O Level 27 Fighting
 O Level 27 Axes
 - Level 10.0 Throwing
 O Level 27 Armour
 + Level 8.3 Dodging
 O Level 27 Shields
 + Level 9.7 Evocations


You had 17 spell levels left.
You knew the following spells:

 Your Spells              Type           Power      Damage    Failure   Level
a - Apportation           Tloc           0%         N/A       54%         1
b - Blink                 Tloc           0%         N/A       69%         2
c - Lee's Rapid Deconstr  Erth           0%         3d5*      100%        5

Your spell library contained the following spells:

 Spells                   Type           Power      Damage    Failure   Level
 Foxfire                  Conj/Fire      0%         2x1d4     54%         1
 Freeze                   Ice            0%         1d3       54%         1
 Magic Dart               Conj           0%         1d3       54%         1
 Necrotise                Necr           0%         1d4       54%         1
 Shock                    Conj/Air       0%         1d3       54%         1
 Sting                    Tmut/Pois      0%         1d3       54%         1
 Summon Small Mammal      Summ           0%         N/A       54%         1
 Call Imp                 Summ           0%         N/A       69%         2
 Poisonous Vapours        Pois/Air       0%         N/A       69%         2
 Scorch                   Fire           0%         2d5       69%         2
 Static Discharge         Conj/Air       0%         3-3/arc   69%         2
 Sublimation of Blood     Necr           0%         N/A       69%         2
 Wereblood                Tmut           0%         N/A       69%         2
 Confusing Touch          Hex            0%         N/A       89%         3
 Conjure Flame            Conj/Fire      0%         6-21      89%         3
 Dazzling Flash           Conj/Hex       0%         N/A       89%         3
 Frozen Ramparts          Ice            0%         1d1       89%         3
 Gell's Gravitas          Tloc           0%         N/A       89%         3
 Ignite Poison            Fire/Tmut/Pois 0%         N/A       89%         3
 Inner Flame              Hex/Fire       0%         N/A       89%         3
 Lesser Beckoning         Tloc           0%         N/A       89%         3
 Mephitic Cloud           Conj/Pois/Air  0%         N/A       89%         3
 Ozocubu's Armour         Ice            0%         N/A       89%         3
 Portal Projectile        Hex/Tloc       0%         N/A       89%         3
 Teleport Other           Tloc           0%         N/A       89%         3
 Tukima's Dance           Hex            0%         N/A       89%         3
 Vampiric Draining        Necr           0%         2d6       89%         3
 Animate Armour           Summ/Erth      0%         N/A       100%        4
 Cause Fear               Hex            0%         N/A       100%        4
 Dispel Undead            Necr           0%         3d6       100%        4
 Flame Wave               Conj/Fire      0%         2d4       100%        4
 Fulminant Prism          Conj/Hex       0%         3d6       100%        4
 Hailstorm                Conj/Ice       0%         3d3       100%        4
 Ice Form                 Ice/Tmut       0%         N/A       100%        4
 Iskenderun's Mystic Bla  Conj/Tloc      0%         2d3       100%        4
 Leda's Liquefaction      Hex/Erth       0%         N/A       100%        4
 Passage of Golubria      Tloc           0%         N/A       100%        4
 Petrify                  Tmut/Erth      0%         N/A       100%        4
 Sticky Flame             Conj/Fire      0%         2d3       100%        4
 Summon Ice Beast         Ice/Summ       0%         N/A       100%        4
 Summon Lightning Spire   Summ/Air       0%         N/A       100%        4
 Agony                    Necr           0%         N/A       100%        5
 Blade Hands              Tmut           0%         N/A       100%        5
 Freezing Cloud           Conj/Ice/Air   0%         6-21      100%        5
 Irradiate                Conj/Tmut      0%         3d11      100%        5
 Iskenderun's Battlesphe  Conj           0%         2d6       100%        5
 Manifold Assault         Tloc           0%         N/A       100%        5
 Metabolic Englaciation   Hex/Ice        0%         N/A       100%        5
 Silence                  Hex/Air        0%         N/A       100%        5
 Summon Forest            Summ/Tloc      0%         N/A       100%        5
 Summon Mana Viper        Hex/Summ       0%         N/A       100%        5
 Yara's Violent Unravell  Hex/Tmut       0%         3d3       100%        5
 Conjure Ball Lightning   Conj/Air       0%         3x3d6     100%        6
 Death Channel            Necr           0%         N/A       100%        6
 Iron Shot                Conj/Erth      0%         9d1       100%        6
 Statue Form              Tmut/Erth      0%         N/A       100%        6
 Summon Cactus Giant      Summ           0%         N/A       100%        6
 Dragon Form              Tmut           0%         N/A       100%        7
 Enfeeble                 Hex            0%         N/A       100%        7
 Malign Gateway           Summ/Tloc      0%         N/A       100%        7
 Spellforged Servitor     Conj/Summ      0%         N/A       100%        7
 Summon Hydra             Summ           0%         N/A       100%        7
 Borgnjor's Revivificati  Necr           0%         N/A       100%        8
 Discord                  Hex            0%         N/A       100%        8
 Disjunction              Tloc           0%         N/A       100%        8
 Necromutation            Tmut/Necr      0%         N/A       100%        8
 Summon Horrible Things   Summ           0%         N/A       100%        8
 Chain Lightning          Conj/Air       0%         N/A       100%        9
 Death's Door             Necr           0%         N/A       100%        9
 Dragon's Call            Summ           0%         N/A       100%        9
 Fire Storm               Conj/Fire      0%         5d1       100%        9
 Polar Vortex             Ice            0%         N/A       100%        9
 Shatter                  Erth           0%         3d5*      100%        9
 Corpse Rot               Necr/Pois/Air  Unusable   N/A       N/A         4
 Simulacrum               Ice/Necr       Unusable   N/A       N/A         6

Dungeon Overview and Level Annotations

Branches:
Dungeon (15/15)            Temple (1/1) D:5            Lair (5/5) D:10
  Swamp (4/4) Lair:3        Snake (4/4) Lair:3        Slime (5/5) Lair:4
    Orc (2/2) D:10            Elf (3/3) Orc:2        Vaults (5/5) D:14
  Crypt (3/3) Vaults:2       Tomb (0/3) Crypt:3      Depths (4/4) D:15
    Zot (5/5) Depths:4      IceCv (visited)         Volcano (visited)

Altars:
Ashenzari
Cheibriados
Dithmenos
Elyvilon
Fedhas
Gozag
Hepliaklqana
Kikubaaqudgha
Makhleb
Nemelex Xobeh
Okawaru
Qazlal
Ru
Sif Muna
Trog
Uskayaw
Vehumet
Wu Jian
Xom
Yredelemnul
Zin
The Shining One
Jiyva

Shops:
Orc:2 (==[   Elf:1 [[?   Elf:3 :   Snake:2 ![=:=   Depths:4 [

Portals:
Hell: Depths:1 Depths:2 Depths:3 Depths:4
Abyss: Depths:1 Depths:3 Depths:4
Pandemonium: Depths:1 Depths:2
Ziggurat: Depths:2


Innate Abilities, Weirdness & Mutations

You have a pair of horns on your head.
You reflexively headbutt those who attack you in melee.
You have very sharp teeth.
You are frail. (-10% HP)
You are somewhat resistant to further mutation.
Your natural rate of healing is unusually fast.
Your movements are slightly less encumbered by armour. (ER -2)


Message History

You miss the sun demon. Your headbutt misses the sun demon.
The sun demon is severely wounded.
The sun demon hits you but does no damage.
You slice the sun demon!!
You kill the sun demon!
No target in view!
There is a stone staircase leading up here.
You fly upwards.
There is a stone staircase leading down here.
The blizzard demon stares, then turns away, jangling a coin purse.
A blizzard demon comes into view.
No target in view!
Vissaromm stares, then turns away, jangling a coin purse.
The balrug stares, then turns away, jangling a coin purse.
The lorocyproca stares, then turns away, jangling a coin purse.
A Vissaromm, a balrug and a lorocyproca come into view.
The balrug is wielding a +2 demon whip of venom.
Do you want to bribe the denizens of the Dungeon?
Gozag spreads your bribe to the Dungeon!
A smoke demon comes into view.
The smoke demon stares, then turns away, jangling a coin purse.
There is a stone staircase leading up here.
You fly upwards.
There is a stone staircase leading down here.
A hell beast comes into view.
There is a stone staircase leading up here.
You fly upwards.
There is a stone staircase leading down here.
The demonspawn warmonger stares, then turns away, jangling a coin purse.
The reaper stares, then turns away, jangling a coin purse.
Your demonspawn warmonger grins greedily, jangling a coin purse.
A reaper and 2 demonspawn warmongers come into view.
A demonspawn warmonger is wielding a +3 antimagic demon blade, wearing a +3 plate armour of cold resistance and wearing a +0 kite shield of poison resistance.
The reaper is wielding a +0 vorpal scythe.
A demonspawn warmonger is wielding a +4 vorpal glaive and wearing a +6 plate armour of ponderousness.
There is a stone staircase leading up here.
You fly upwards.
There is a stone staircase leading down here.
You see here a +0 dagger.
There is an open gate here.
There is a staircase leading out of the dungeon here.
You have escaped!

###### #8.#.#
######## ###'#..#
.......## #..'#.@#
###....>###.#'#..#
...)........#8.#.#
........##########
...#...########.#
#...............#
##.##.#########.#
#.##.# #.# #..#.#
#.#


There were no monsters in sight!

Vanquished Creatures
  Dissolution (Slime:2)
  the Royal Jelly (Slime:5)
  A dread lich (Crypt:3)
  2 ancient liches
  A royal mummy (Crypt:3)
  The ghost of Roocroe the Impregnable, a veteran MiGl of Hepliaklqana (Crypt:1)
  A curse toe (Zot:2)
  2 caustic shrikes (Depths:2)
  The ghost of Roucay the Warrior, an adept DgCj (Depths:2)
  4 golden dragons
  2 bone dragons (Depths:4)
  12 tentacled monstrosities
  4 liches
  9 Orb Guardians
  3 deep elf blademasters
  A shard shrike skeleton (Crypt:3)
  The ghost of Zotwa the Spawn of Chaos, an adept GnSk of Makhleb (Vaults:3)
  A walking earthen tome (Depths:3)
  5 titans
  A walking divine tome (Depths:3)
  A quicksilver dragon (shapeshifter) (Vaults:5)
  A quicksilver dragon (Zot:5)
  2 deep elf master archers (Elf:3)
  9 sphinxes
  Frances (D:12)
  20 acid blobs
  5 storm dragons
  2 ancient champions (Crypt:2)
  7 shadow dragons
  The ghost of Iffuusoj the Severer, an adept MiBe of Trog (Swamp:1)
  Roxanne (Elf:3)
  2 revenants (Crypt:1)
  A draconian monk (Zot:3)
  13 azure jellies
  3 nagarajas
  5 tengu reavers
  2 fenstrider witches (Swamp:4)
  11 rockslimes
  16 frost giants
  2 draconian knights (Zot:3)
  7 fire giants
  3 iron dragons
  5 orc warlords
  23 vault wardens
  2 draconian scorchers
  6 deep elf sorcerers
  Aizul (Snake:2)
  5 curse skulls
  8 quicksilver oozes
  18 ironbound preservers
  3 spriggan defenders
  A juggernaut zombie (Crypt:3)
  A draconian stormcaller (Zot:3)
  2 deep elf elementalists (Elf:3)
  A war gargoyle (Vaults:1)
  4 draconian annihilators
  A ghoul (Swamp:4)
  6 reapers
  17 stone giants
  6 ironbound thunderhulks
  A juggernaut skeleton (Depths:3)
  30 very ugly things
  5 green draconians
  7 deep elf demonologists
  An entropy weaver (Vaults:4)
  2 white draconians
  8 spark wasps
  6 vampire knights
  4 purple draconians
  3 black draconians
  4 red draconians
  3 eleionomae
  2 yellow draconians
  3 dire elephants (Vaults:1)
  5 bunyips
  5 deep elf annihilators
  2 bunyips (shapeshifter)
  15 ettins
  A merfolk impaler (Depths:2)
  12 deep elf death magi
  11 eidola
  2 shambling mangroves (Swamp:2)
  Josephine (Lair:4)
  A crystal guardian (Vaults:3)
  2 jiangshi (Crypt:1)
  A spriggan zombie (Crypt:3)
  30 vault guards
  9 hydras
  13 yaktaur captains
  4 deep elf high priests
  8 fire dragons
  2 catoblepae
  10 great orbs of eyes
  3 boulder beetles
  A hell beast (Depths:4)
  3 salamander tyrants
  21 anacondas
  An ogre mage (Vaults:5)
  A rakshasa (Depths:3)
  Harold (D:9)
  The ghost of ripuliukko the Geomancer, a journeyman GrEE of Vehumet (D:11)
  10 ice dragons
  3 peacekeepers
  A ghost crab (Swamp:2)
  5 two-headed ogres
  7 ironbound frosthearts
  16 naga warriors
  A spriggan air mage (Swamp:2)
  25 dancing weapons
  6 death yaks
  A spriggan skeleton (Crypt:3)
  20 centaur warriors
  10 alligators
  4 deep troll earth magi
  2 titan zombies (Crypt:3)
  4 vampire magi
  8 tengu warriors
  6 deep troll shamans
  9 shock serpents
  9 spriggan berserkers
  Urug (Orc:2)
  19 naga sharpshooters
  8 soul eaters (Crypt:3)
  17 deep elf knights
  7 iron trolls
  24 skeletal warriors
  5 hell knights
  2 titan skeletons (Crypt:3)
  A fire crab (Lair:5)
  5 salamander mystics
  A sun demon (D:5)
  4 flayed ghosts
  A storm dragon skeleton (Depths:3)
  2 sixfirhies
  5 swamp dragons
  2 death drakes (Swamp:2)
  The ghost of H0rd4k the Magician, a novice OpAr (D:7)
  A spriggan druid (Swamp:3)
  55 deep trolls
  5 goliath frogs
  A steelbarb worm (shapeshifter) (Vaults:5)
  7 deep elf archers
  A shadow demon (D:13)
  A bunyip skeleton (Crypt:3)
  Pikel (D:7)
  3 obsidian statues
  An anaconda zombie (Crypt:3)
  4 glowing orange brains
  5 bog bodies
  3 shadow wraiths
  An orb spider (shapeshifter) (Depths:3)
  2 anaconda skeletons
  An orange crystal statue (IceCv)
  9 spriggan simulacra
  A golden dragon skeleton (Vaults:5)
  14 ironbound convokers
  5 naga ritualists
  10 lindwurms
  3 harpies (Vaults:5)
  7 orc knights
  22 phantasmal warriors
  A tengu skeleton (Depths:3)
  4 wizards
  22 deep elf pyromancers
  21 necromancers
  23 deep elf zephyrmancers
  6 mana vipers
  5 shining eyes
  3 fire giant zombies
  A stone giant zombie (Crypt:1)
  3 will-o-the-wisps
  A shining eye (shapeshifter) (Depths:2)
  A faun (shapeshifter) (Elf:2)
  4 manticores
  9 elephants
  2 wolf spiders (Crypt:3)
  A sphinx skeleton (Vaults:2)
  2 cyclopes
  A cyclops (shapeshifter) (Vaults:5)
  6 moths of wrath
  12 salamanders
  39 ugly things
  A centaur zombie (Crypt:3)
  Maurice (D:9)
  Joseph (D:9)
  7 guardian serpents
  14 naga magi
  3 dire elephant zombies (Crypt:3)
  A fire giant skeleton (Vaults:2)
  A frost giant skeleton (Vaults:2)
  40 black mambas
  3 eyes of devastation
  2 smoke demons (D:11)
  An orange demon (D:11)
  13 cane toads
  3 torpor snails
  15 vault sentinels
  3 gargoyles
  Maggie (D:9)
  A demonic crawler (D:9)
  An efreet (D:14)
  2 elf skeletons (Vaults:2)
  3 kobold demonologists
  An unseen horror zombie (Crypt:1)
  8 komodo dragons
  An anaconda simulacrum (IceCv)
  2 guardian mummies (Crypt:3)
  10 rime drakes
  20 freezing wraiths
  48 yaktaurs
  A yellow draconian skeleton (Crypt:1)
  A golden dragon simulacrum (Vaults:5)
  2 ice devils (IceCv)
  4 tengu conjurers
  13 hellwings (Crypt:3)
  A red devil (Zot:1)
  A white draconian skeleton (Crypt:2)
  2 harpy zombies (Crypt:3)
  2 yaktaur skeletons
  2 merfolk (Vaults:4)
  2 bloated husks
  2 tyrant leeches (Swamp:4)
  A queen bee (shapeshifter) (D:13)
  4 trolls
  13 hornets
  Grinder (D:4)
  40 blink frogs
  106 slime creatures
  A tarantella (shapeshifter) (Depths:4)
  A snapping turtle (shapeshifter) (Vaults:5)
  11 polar bears
  2 dire elephant simulacra
  3 jumping spiders (Crypt:3)
  A naga simulacrum (Crypt:2)
  6 air elementals
  2 deep troll skeletons
  6 flying skulls (Crypt:1)
  A vampire (D:12)
  2 shadows
  6 spriggans
  5 water elementals
  9 wyverns
  10 wraiths
  An ushabti (Crypt:3)
  53 yaks
  3 ettin skeletons
  14 basilisks
  Eustachio (D:6)
  2 fire bats (D:11)
  21 humans (D:14)
  14 golden eyes
  5 fire elementals
  2 chaos spawn
  17 vampire mosquitoes
  4 redbacks (Crypt:3)
  A glowing orange brain zombie (Crypt:2)
  5 minotaur simulacra
  2 swamp worm simulacra (Swamp:4)
  A two-headed ogre zombie (Crypt:1)
  11 wargs
  4 naga zombies
  Duvessa (D:6)
  3 harpy simulacra
  35 nagas
  19 swamp worms
  15 hell hounds (Lair:5)
  16 hydra simulacra
  2 acid dragons
  4 glowing shapeshifter skeletons
  2 naga skeletons
  22 water moccasins
  An ogre skeleton (Vaults:2)
  A floating eye (Depths:3)
  A floating eye zombie (Crypt:1)
  2 swamp drakes
  A sky beast (D:7)
  50 orc warriors
  2 ice beasts (D:7)
  A snapping turtle zombie (Crypt:1)
  2 ettin simulacra (IceCv)
  4 ogres
  5 boggarts (Vaults:1)
  14 black bears
  A snapping turtle skeleton (Crypt:1)
  28 wolves
  3 human skeletons (Vaults:2)
  An elephant skeleton (Crypt:1)
  16 centaurs
  3 phantoms
  3 lemures (D:7)
  8 kobold brigands
  14 bullfrogs
  2 gnoll sergeants
  Blork the orc (D:6)
  7 earth elementals
  3 scorpions
  2 necrophages (Swamp:4)
  4 wights (Crypt:2)
  A cane toad simulacrum (Lair:2)
  5 deep troll simulacra
  A polar bear zombie (Crypt:2)
  4 wyvern skeletons (Crypt:3)
  Dowan (D:6)
  8 killer bees
  A blink frog simulacrum (Lair:2)
  An oklob sapling (D:5)
  8 howler monkeys
  A polar bear skeleton (Crypt:2)
  5 electric eels
  A wyvern simulacrum (D:7)
  A hound (D:6)
  A human zombie (Crypt:2)
  2 jellies
  9 orc priests
  A water moccasin simulacrum (Lair:2)
  18 orc wizards
  5 iguanas
  A boggart zombie (Crypt:1)
  5 hell rats (Lair:4)
  14 gnolls
  12 adders
  5 white imps
  6 swamp drake simulacra (Swamp:4)
  3 ufetubi
  A dart slug (D:4)
  65 orcs
  5 ball pythons
  2 endoplasms (D:1)
  2 giant cockroaches (D:2)
  4 goblins
  4 hobgoblins
  33 kobolds
  2 quokkas
  6 bats
  A frilled lizard (D:1)
  A gnoll skeleton (Crypt:1)
  5 rats
  A river rat skeleton (Crypt:2)
  4 withered plants (Crypt:3)
2293 creatures vanquished.

Vanquished Creatures (collateral kills)
  A dread lich (Zot:5)
  An orb of fire (Zot:5)
  2 Killer Klowns (Zot:5)
  Vashnia (Snake:4)
  8 Orb Guardians (Zot:5)
  A quicksilver dragon (Zot:5)
  A draconian knight (Zot:5)
  A nagaraja (Snake:4)
  2 draconian scorchers (Zot:5)
  A draconian shifter (Zot:5)
  A draconian annihilator (Zot:5)
  2 white draconians (Zot:5)
  A red draconian (Zot:5)
  A purple draconian (Zot:5)
  An ettin (D:15)
  A deep elf high priest (Elf:3)
  A slime creature (Vaults:1)
  A yak (D:10)
  An orc warrior (Orc:2)
29 creatures vanquished.

Vanquished Creatures (others)
  A dread lich (Zot:5)
  An ancient lich (Zot:5)
  An orb of fire (Zot:5)
  An electric golem (Zot:5)
  2 tentacled monstrosities (Zot:5)
  3 Orb Guardians (Zot:5)
  2 shadow dragons (Zot:5)
  A storm dragon (Zot:3)
  A draconian knight (Zot:5)
  A draconian stormcaller (Zot:5)
  2 green draconians (Zot:5)
  A wizard (D:5)
  A cyclops (D:10)
  An ugly thing (D:10)
  A slime creature (Vaults:1)
  2 moths of wrath (Zot:5)
  A guardian serpent (Snake:4)
  A tyrant leech (Swamp:4)
  A bloated husk (Swamp:3)
  A vampire mosquito (D:10)
  A white imp (D:7)
  An orc (Orc:2)
  8 foxfires
  21 fungi
  169 plants
  5 withered plants (Crypt:3)
231 creatures vanquished.

Grand Total: 2553 creatures vanquished

Notes
Turn   | Place    | Note
-------+----------+-------------------------------------------
     0 | D:1      | Rrauwl the Minotaur Fighter began the quest for the Orb.
     0 | D:1      | Reached XP level 1. HP: 19/19 MP: 0/0
   629 | D:1      | Reached XP level 2. HP: 27/27 MP: 1/1
   722 | D:1      | Found a faded altar of an unknown god.
   735 | D:1      | Found a faded altar of an unknown god.
   750 | D:1      | Prayed at the altar of an unknown god.
   750 | D:1      | Became a worshipper of Gozag Ym Sagoz the Greedy
  1108 | D:2      | Reached XP level 3. HP: 33/33 MP: 2/2
  1128 | D:2      | Learned a level 1 spell: Apportation
  1229 | D:2      | Reached XP level 4. HP: 40/40 MP: 3/3
  2189 | D:3      | Reached XP level 5. HP: 46/46 MP: 4/4
  2482 | D:4      | Noticed a black bear
  2482 | D:4      | Noticed a phantom
  2491 | D:4      | Killed a black bear
  2492 | D:4      | Reached XP level 6. HP: 53/53 MP: 5/5
  2783 | D:4      | Noticed Grinder
  2790 | D:4      | Killed Grinder
  2791 | D:4      | Reached skill level 5 in Fighting
  2791 | D:4      | Reached skill level 5 in Armour
  2791 | D:4      | Reached skill level 5 in Shields
  2791 | D:4      | Reached XP level 7. HP: 61/61 MP: 6/6
  3049 | D:4      | Identified a scroll of acquirement
  3049 | D:4      | Acquired the ring of Xom's Castigation {+Blink Fly rC++
                  | Int-2 Slay+4}
  3134 | D:4      | Gained mutation: You do not regenerate when monsters are
                  | visible. [potion of mutation]
  3134 | D:4      | Gained mutation: You have sharp toenails. [potion of
                  | mutation]
  3134 | D:4      | Gained mutation: You are agile. (Dex +4, Str/Int -1)
                  | [potion of mutation]
  3663 | D:5      | Entered Level 5 of the Dungeon
  3679 | D:5      | Found an iron altar of Okawaru.
  3800 | D:5      | Reached XP level 8. HP: 46/68 MP: 7/7
  3970 | D:5      | Acquired the +3 crown of Dyrovepreva {rElec Int+2 SInv}
  3970 | D:5      | Found the +3 crown of Dyrovepreva {rElec Int+2 SInv}
  4001 | D:5      | Found a staircase to the Ecumenical Temple.
  4144 | D:5      | Found an opulent altar of Gozag.
  4389 | Temple   | Entered the Ecumenical Temple
  4981 | D:5      | Found a bloodstained altar of Trog.
  4982 | D:5      | Noticed a wizard
  4988 | D:5      | Killed a wizard
  5102 | D:6      | Found a sparkling altar of Nemelex Xobeh.
  5105 | D:6      | Found a hide-covered altar of Uskayaw.
  5140 | D:6      | Noticed Duvessa
  5146 | D:6      | Killed Duvessa
  5146 | D:6      | Noticed Dowan
  5149 | D:6      | Killed Dowan
  5234 | D:6      | Found a hazy altar of Hepliaklqana.
  5257 | D:6      | Noticed Eustachio
  5263 | D:6      | Killed Eustachio
  5438 | D:6      | Noticed Blork the orc
  5446 | D:6      | Killed Blork the orc
  5702 | D:7      | Reached XP level 9. HP: 69/74 MP: 8/8
  5703 | D:7      | Noticed a kobold demonologist
  5832 | D:7      | Found a runed translucent gate.
  5832 | D:7      | Found a runed translucent gate.
  5850 | D:7      | Found a runed translucent gate.
  5942 | D:7      | Found a glowing silver altar of Zin.
  5942 | D:7      | Noticed an angel
  6168 | D:7      | Noticed Pikel
  6195 | D:7      | Killed Pikel
  6282 | D:7      | Noticed a hellwing
  6286 | D:7      | Killed a kobold demonologist
  6287 | D:7      | Reached skill level 15 in Axes
  6432 | D:7      | Noticed H0rd4k's ghost (novice OpAr)
  6813 | D:7      | Reached skill level 10 in Shields
  6814 | D:7      | Reached XP level 10. HP: 81/81 MP: 9/9
  6831 | D:7      | Killed H0rd4k's ghost
  6983 | D:8      | Acquired 1281 gold pieces
  7511 | D:9      | Noticed Maurice
  7589 | D:9      | Killed Maurice
  7648 | D:9      | Noticed Joseph
  7659 | D:9      | Killed Joseph
  7945 | D:9      | Noticed Harold
  7956 | D:9      | Killed Harold
  8113 | D:9      | Reached XP level 11. HP: 86/86 MP: 10/10
  8114 | D:9      | Reached XP level 12. HP: 94/94 MP: 11/11
  8119 | D:9      | Noticed a centaur warrior
  8334 | D:9      | Noticed Maggie
  8344 | D:9      | Killed Maggie
  8441 | D:9      | Killed a centaur warrior
  8943 | D:10     | Entered Level 10 of the Dungeon
  9024 | D:10     | Noticed a centaur warrior
  9038 | D:10     | Noticed a centaur warrior
  9087 | D:10     | Noticed a centaur warrior
  9090 | D:10     | Noticed a boulder beetle
  9103 | D:10     | Reached XP level 13. HP: 70/100 MP: 12/12
  9298 | D:10     | Found a staircase to the Orcish Mines.
  9496 | D:10     | Identified the +2 leather armour of Intercession {rPois rC-
                  | Dex+3}
  9780 | D:10     | Found a stormy altar of Qazlal.
  9957 | D:10     | Found the +6 shillelagh "Devastator" {shatter}
 10006 | D:10     | Found a staircase to the Lair.
 10075 | Lair:1   | Entered Level 1 of the Lair of Beasts
 11431 | D:11     | Found a transporter.
 11434 | D:11     | Found a transporter.
 11437 | D:11     | Noticed ripuliukko's ghost (journeyman GrEE)
 11440 | D:11     | Found a bloodstained altar of Trog.
 11677 | D:11     | Found the +7 great mace "Firestarter" {inner flame, rF++}
 11692 | D:11     | Reached skill level 15 in Armour
 11715 | D:11     | Reached skill level 1 in Throwing
 11715 | D:11     | Reached skill level 1 in Evocations
 12600 | D:11     | Killed ripuliukko's ghost
 13543 | D:12     | Noticed Frances
 13551 | D:12     | Reached XP level 14. HP: 64/111 MP: 13/13
 13551 | D:12     | Killed Frances
 14522 | Lair:2   | Reached skill level 15 in Shields
 14861 | Lair:2   | Found a transporter.
 14873 | Lair:2   | Reached skill level 5 in Throwing
 14879 | Lair:2   | Acquired 755 gold pieces
 14901 | Lair:2   | Found a transporter.
 15865 | Lair:3   | Reached skill level 5 in Evocations
 16251 | Lair:3   | Reached skill level 10 in Fighting
 16275 | Lair:3   | Found a staircase to the Snake Pit.
 16832 | Lair:3   | Found a staircase to the Swamp.
 18009 | Lair:4   | Found a viscous altar of Jiyva.
 18009 | Lair:4   | Found a staircase to the Slime Pits.
 18147 | Lair:4   | Reached XP level 15. HP: 124/138 MP: 14/14
 18934 | Lair:5   | Entered Level 5 of the Lair of Beasts
 19065 | Lair:5   | Noticed Josephine
 19069 | Lair:5   | Reached skill level 15 in Fighting
 19077 | Lair:4   | Killed Josephine
 19592 | Lair:5   | Found a dark tunnel.
 19673 | Volcano  | Entered a volcano
 20258 | Lair:5   | Learned a level 2 spell: Blink
 20665 | Lair:5   | Found a hazy altar of Hepliaklqana.
 22741 | D:14     | Found a shimmering altar of Xom.
 22743 | D:14     | Found a shimmering altar of Xom.
 22745 | D:14     | Found a shimmering altar of Xom.
 23139 | D:14     | Reached XP level 16. HP: 149/149 MP: 15/15
 23688 | D:14     | Found a gate to the Vaults.
 23939 | D:15     | Entered Level 15 of the Dungeon
 24040 | D:15     | Found a staircase to the Depths.
 25559 | Orc:1    | Entered Level 1 of the Orcish Mines
 26027 | Orc:1    | You are sucked into a shaft and drop 1 floor!
 26027 | Orc:2    | Entered Level 2 of the Orcish Mines
 26449 | Orc:2    | Noticed Urug
 26475 | Orc:2    | Killed Urug
 26622 | Orc:2    | Found a staircase to the Elven Halls.
 27340 | Orc:2    | Found Bikh's Jewellery Emporium.
 27340 | Orc:2    | Found Paunaixt's Jewellery Boutique.
 27367 | Orc:2    | Found Civutad's Weapon Shop.
 27370 | Orc:2    | Found Delaeff's Antique Armour Shoppe.
 27375 | Orc:2    | Bought a ring of protection from cold for 425 gold pieces
 27710 | Elf:1    | Entered Level 1 of the Elven Halls
 27718 | Elf:1    | Paralysed by an air elemental for 1 turns
 28492 | Elf:1    | Got the Catalogue of Beckoning
 28519 | Elf:1    | Found Vuschauco's Armour Shop.
 28524 | Elf:1    | Bought a +2 pair of gloves of stealth for 430 gold pieces
 28527 | Elf:1    | Identified the +0 robe of Boag {rPois}
 28619 | Elf:1    | Found Pylet's Armour Shoppe.
 28623 | Elf:1    | Found Zocidib's Magic Scroll Shoppe.
 28634 | Elf:1    | Bought a scroll of teleportation for 48 gold pieces
 28634 | Elf:1    | Bought a scroll of magic mapping for 120 gold pieces
 28638 | Elf:1    | Bought the +4 troll leather armour of Knowledge {Regen+
                  | Int+5} for 682 gold pieces
 28837 | Elf:1    | Reached XP level 17. HP: 122/156 MP: 16/16
 29839 | Snake:1  | Entered Level 1 of the Snake Pit
 30366 | Snake:1  | You are sucked into a shaft and drop 1 floor!
 30671 | Snake:2  | Found Woulen's Distillery.
 30678 | Snake:2  | Bought a potion of heal wounds for 100 gold pieces
 30678 | Snake:2  | Bought a potion of curing for 60 gold pieces
 30678 | Snake:2  | Bought a potion of curing for 60 gold pieces
 30678 | Snake:2  | Bought a potion of heal wounds for 100 gold pieces
 30678 | Snake:2  | Bought a potion of curing for 60 gold pieces
 30678 | Snake:2  | Bought a potion of heal wounds for 100 gold pieces
 31028 | Snake:2  | Found Itraixe's Jewellery Emporium.
 31030 | Snake:2  | Found Beaxown's Book Shop.
 31031 | Snake:2  | Found Esewkeb's Jewellery Emporium.
 31041 | Snake:2  | Bought a ring of protection from fire for 400 gold pieces
 31041 | Snake:2  | Bought a ring of resist corrosion for 320 gold pieces
 31127 | Snake:2  | Found Keyzxar's Antique Armour Boutique.
 31226 | Snake:2  | Noticed Aizul
 31237 | Snake:2  | Killed Aizul
 32751 | Snake:3  | Learned a level 5 spell: Lee's Rapid Deconstruction
 33388 | Snake:4  | Entered Level 4 of the Snake Pit
 33926 | Snake:4  | Found a runed translucent door.
 34900 | Snake:4  | Noticed Vashnia
 34915 | Snake:4  | Reached XP level 18. HP: 110/163 MP: 17/17
 34931 | Snake:4  | Killed Vashnia
 35328 | Snake:4  | Got a serpentine rune of Zot
 36666 | Abyss:4  | Cast into level 4 of the Abyss (+0 glaive of distortion)
 36692 | Elf:2    | Escaped the Abyss
 36854 | Elf:2    | Found a runed translucent gate.
 36854 | Elf:2    | Found a runed translucent gate.
 36864 | Elf:2    | Found a runed translucent gate.
 38245 | Elf:3    | Entered Level 3 of the Elven Halls
 38251 | Elf:3    | Noticed Roxanne
 38368 | Elf:3    | Killed Roxanne
 39184 | Elf:3    | Paralysed by an air elemental for 1 turns
 39262 | Elf:3    | Noticed a Hell Sentinel
 39506 | Elf:3    | Noticed an Ice Fiend
 39845 | Elf:3    | Found Feashrax's Tremendous Tomes.
 40044 | Elf:3    | Identified the +11 plate armour of the Guilds {Int+3}
 40247 | Elf:3    | Identified the +5 long sword "Tunovo Segor" {flame, rPois
                  | Str-5 Dex+4 Stlth+}
 40253 | Elf:3    | Identified the +7 plate armour "Ocyorire" {rPois Int-2 SInv
                  | Stlth+}
 40486 | Elf:3    | Identified the +3 leather armour "Utaam" {Will+ Regen+
                  | MP+9}
 40495 | Elf:3    | Reached XP level 19. HP: 135/178 MP: 18/18
 40616 | Elf:3    | Identified the +0 leather armour of Dithmenos's Hope {rF+
                  | rC+ Str+2 Dex-2}
 40670 | Elf:3    | Identified the +2 robe of the Swamp {Harm Str+8 Int-4
                  | Dex-3}
 41057 | Elf:3    | Identified the +0 leather armour of the Pink Corner
                  | {Rampage}
 41106 | Elf:3    | Identified the +4 hand axe of the Blind Eye {vorpal, rN+
                  | rCorr Dex+2 Stlth-}
 41402 | Elf:3    | Found the +6 lightning scales {swift, rElec}
 41408 | Elf:3    | Got the Directory of Helpful Conduction
 41437 | Elf:3    | Got Ugge's Directory of Shifting Shapes
 41778 | Swamp:1  | Entered Level 1 of the Swamp
 42090 | Swamp:1  | Found a runed translucent door.
 42090 | Swamp:1  | Found a shimmering altar of Xom.
 42090 | Swamp:1  | Noticed Iffuusoj's ghost (adept MiBe)
 42090 | Swamp:1  | Identified the +3 battleaxe of Internal Strife {chaos,
                  | Dex+4}
 42090 | Swamp:1  | Found the +8 mithril axe "Arga" {speed, Will+}
 42627 | Swamp:1  | Killed Iffuusoj's ghost
 42633 | Swamp:1  | Got Sif Muna's Opusculum on Unstable Weather
 42697 | Swamp:2  | Found a frozen archway.
 42735 | IceCv    | Entered an ice cave
 44007 | Swamp:2  | Found a transporter.
 44044 | Swamp:2  | Found a transporter.
 44642 | Swamp:2  | Lost mutation: You do not regenerate when monsters are
                  | visible. [potion of mutation]
 44642 | Swamp:2  | Lost mutation: You have sharp toenails. [potion of
                  | mutation]
 44642 | Swamp:2  | Lost mutation: You are agile. (Dex +4, Str/Int -1) [potion
                  | of mutation]
 44642 | Swamp:2  | Gained mutation: Your magical capacity is low. (-10% MP)
                  | [potion of mutation]
 44642 | Swamp:2  | Gained mutation: You are agile. (Dex +4, Str/Int -1)
                  | [potion of mutation]
 44642 | Swamp:2  | Gained mutation: Your flesh is heat resistant. (rF+)
                  | [potion of mutation]
 45144 | Swamp:4  | Entered Level 4 of the Swamp
 45290 | Swamp:4  | Identified the +9 short sword of Woamoext {spect, rF+ Dex+5
                  | Stlth-}
 45493 | Swamp:4  | Identified the +1 robe "Udoxoqec" {Int+3}
 45522 | Swamp:4  | Reached XP level 20. HP: 178/193 MP: 17/17
 46149 | Swamp:4  | Got a decaying rune of Zot
 46449 | Depths:1 | Entered Level 1 of the Depths
 46449 | Depths:1 | Found a gateway to Hell.
 46497 | Depths:1 | Found a runed translucent gate.
 46497 | Depths:1 | Found a runed translucent gate.
 46498 | Depths:1 | Found a runed translucent gate.
 46498 | Depths:1 | Noticed Roucay's ghost (adept DgCj)
 46500 | Depths:1 | Found a viscous altar of Jiyva.
 47117 | Depths:1 | Found a one-way gate to the infinite horrors of the Abyss.
 47168 | Depths:1 | Found a one-way gate leading to the halls of Pandemonium.
 47554 | Depths:2 | Killed Roucay's ghost
 48068 | Depths:2 | Found a one-way gateway to a ziggurat.
 48150 | Depths:2 | Found an ancient bone altar of Kikubaaqudgha.
 48586 | Depths:2 | Noticed a caustic shrike
 48605 | Depths:2 | Killed a caustic shrike
 48626 | Depths:2 | Noticed a golden dragon
 48634 | Depths:2 | Noticed a caustic shrike
 48637 | Depths:2 | Killed a golden dragon
 48641 | Depths:2 | Killed a caustic shrike
 48840 | Depths:2 | Identified the +6 dire flail of the Orb {vorpal, rPois rC++
                  | Will+}
 49220 | Depths:3 | Reached skill level 27 in Armour
 49246 | Depths:3 | Reached skill level 1 in Dodging
 49582 | Depths:3 | Reached XP level 21. HP: 201/201 MP: 17/17
 49858 | Depths:3 | Reached skill level 5 in Dodging
 50518 | Depths:4 | Entered Level 4 of the Depths
 51016 | Depths:4 | Noticed a golden dragon
 51036 | Depths:4 | Killed a golden dragon
 51137 | Depths:4 | Found Siufoa Idghi's Antique Armour Shop.
 51145 | Depths:4 | Bought runed pearl dragon scales for 4696 gold pieces
 51145 | Depths:4 | Bought the +3 pair of gauntlets of War {Slay+5} for 2185
                  | gold pieces
 51145 | Depths:4 | Found the +3 pair of gauntlets of War {Slay+5}
 51586 | Depths:4 | Found a gate to the Realm of Zot.
 52036 | Vaults:1 | Entered Level 1 of the Vaults
 52800 | Vaults:1 | Reached XP level 22. HP: 209/209 MP: 18/18
 53823 | Vaults:2 | Found Layv's Armour Shop.
 54939 | Vaults:2 | Found a staircase to the Crypt.
 55266 | Vaults:3 | Identified the ring of Pyromania {Ice Slay+3}
 55407 | Vaults:3 | Found the macabre finger necklace {rN+}
 55414 | Vaults:3 | Noticed Zotwa's ghost (adept GnSk)
 55432 | Vaults:3 | Found a transporter.
 56377 | Vaults:3 | Found a transporter.
 56513 | Vaults:3 | Killed Zotwa's ghost
 56846 | Vaults:4 | Reached XP level 23. HP: 209/212 MP: 19/19
 56887 | Vaults:4 | Identified the +2 hand axe of Dorgh {freeze, rElec}
 58056 | Vaults:5 | Entered Level 5 of the Vaults
 58057 | Vaults:5 | Noticed an ancient lich
 58116 | Vaults:5 | Identified the amulet "Wepsun" {Reflect Rampage +Blink
                  | rElec rPois SH+5}
 58169 | Vaults:5 | Killed an ancient lich
 59029 | Vaults:4 | Reached skill level 27 in Shields
 59191 | Vaults:5 | Identified the +1 chain mail of Izyithy {rElec rF- MP-9
                  | Str+9}
 59810 | Vaults:5 | Reached XP level 24. HP: 208/209 MP: 19/19
 59927 | Vaults:5 | Identified the +2 leather armour "Ulohiyfu" {rC+ Int+3}
 60305 | Vaults:5 | Got a silver rune of Zot
 60678 | Vaults:5 | Identified the ring of Suprizoe {rF+ Str+6}
 60726 | Vaults:5 | Got the Papyrus of Changing Hexes
 61576 | Crypt:1  | Entered Level 1 of the Crypt
 61872 | Crypt:1  | Reached skill level 27 in Axes
 61963 | Crypt:1  | Found a runed translucent gate.
 61964 | Crypt:1  | Found a runed translucent gate.
 61964 | Crypt:1  | Found a runed translucent gate.
 61967 | Crypt:1  | Noticed Roocroe's ghost (veteran MiGl)
 62474 | Crypt:1  | Killed Roocroe's ghost
 64095 | Crypt:3  | Entered Level 3 of the Crypt
 64504 | Crypt:3  | Found an ancient bone altar of Kikubaaqudgha.
 65023 | Crypt:3  | Noticed a royal mummy
 65023 | Crypt:3  | Found a staircase to the Tomb.
 65033 | Crypt:3  | Killed a royal mummy
 65574 | Crypt:3  | Identified the +4 sling of the Holding Vulture {speed,
                  | *Corrode rPois Str-5 Stlth+}
 65627 | Crypt:3  | Identified the +6 flail "Visob" {pain, Str+2 Dex+3}
 65665 | Crypt:3  | Noticed a dread lich
 65665 | Crypt:3  | Noticed an ancient lich
 65676 | Crypt:3  | Killed a dread lich
 65680 | Crypt:3  | Killed an ancient lich
 65696 | Crypt:3  | Identified the +3 halberd "Latyc" {chaos, rF+ rN+ Will+
                  | Dex-3}
 66818 | Slime:1  | Entered Level 1 of the Pits of Slime
 66938 | Slime:1  | Gained mutation: You have hidden genetic defects. [a
                  | shining eye]
 67219 | Slime:1  | Reached XP level 25. HP: 215/246 MP: 19/19
 68274 | Slime:2  | Noticed Dissolution
 68351 | Slime:2  | Killed Dissolution
 68485 | Slime:2  | You are sucked into a shaft and drop 1 floor!
 68534 | Slime:2  | Gained mutation: You occasionally lose the ability to read
                  | scrolls when taking damage. [a shining eye]
 68537 | Slime:2  | Gained mutation: Your magical capacity is very low. (-20%
                  | MP) [a shining eye]
 68541 | Slime:2  | Gained mutation: You sometimes lose the ability to read
                  | scrolls when taking damage. [a shining eye]
 69242 | Slime:3  | Lost mutation: You are agile. (Dex +4, Str/Int -1) [hidden
                  | defects]
 70499 | Slime:5  | Entered Level 5 of the Pits of Slime
 70851 | Slime:5  | Noticed the Royal Jelly
 70852 | Slime:5  | Found a viscous altar of Jiyva.
 70871 | Slime:5  | Killed the Royal Jelly
 70880 | Slime:5  | Gained mutation: You do not regenerate when monsters are
                  | visible. [a shining eye]
 70903 | Slime:5  | Gained mutation: You occasionally lose the ability to drink
                  | potions when taking damage. [hidden defects]
 70903 | Slime:5  | Lost mutation: You have hidden genetic defects. [hidden
                  | defects expressed]
 70906 | Slime:5  | Lost mutation: You sometimes lose the ability to read
                  | scrolls when taking damage. [potion of mutation]
 70906 | Slime:5  | Lost mutation: You do not regenerate when monsters are
                  | visible. [potion of mutation]
 70906 | Slime:5  | Lost mutation: You occasionally lose the ability to drink
                  | potions when taking damage. [potion of mutation]
 70906 | Slime:5  | Gained mutation: You occasionally lose the ability to drink
                  | potions when taking damage. [potion of mutation]
 70906 | Slime:5  | Gained mutation: You expend magic power (3 MP) to
                  | strengthen your wands. [potion of mutation]
 70906 | Slime:5  | Gained mutation: You are agile. (Dex +4, Str/Int -1)
                  | [potion of mutation]
 70907 | Slime:5  | Lost mutation: Your magical capacity is very low. (-20% MP)
                  | [potion of mutation]
 70907 | Slime:5  | Lost mutation: You are agile. (Dex +4, Str/Int -1) [potion
                  | of mutation]
 70907 | Slime:5  | Lost mutation: Your flesh is heat resistant. (rF+) [potion
                  | of mutation]
 70907 | Slime:5  | Gained mutation: Your spells are a little harder to cast,
                  | but a little more powerful. [potion of mutation]
 70907 | Slime:5  | Gained mutation: You possess an exceptional clarity of
                  | mind. [potion of mutation]
 70908 | Slime:5  | Lost mutation: You possess an exceptional clarity of mind.
                  | [potion of mutation]
 70908 | Slime:5  | Lost mutation: You occasionally lose the ability to read
                  | scrolls when taking damage. [potion of mutation]
 70908 | Slime:5  | Gained mutation: You sometimes lose your temper in combat.
                  | [potion of mutation]
 70909 | Slime:5  | Lost mutation: You sometimes lose your temper in combat.
                  | [potion of mutation]
 70909 | Slime:5  | Lost mutation: Your magical capacity is low. (-10% MP)
                  | [potion of mutation]
 70909 | Slime:5  | Gained mutation: You passively map a small area around you.
                  | [potion of mutation]
 70910 | Slime:5  | Lost mutation: You occasionally lose the ability to drink
                  | potions when taking damage. [potion of mutation]
 70910 | Slime:5  | Lost mutation: You expend magic power (3 MP) to strengthen
                  | your wands. [potion of mutation]
 70910 | Slime:5  | Lost mutation: Your spells are a little harder to cast, but
                  | a little more powerful. [potion of mutation]
 70910 | Slime:5  | Gained mutation: Your body sometimes deteriorates upon
                  | taking damage. [potion of mutation]
 70910 | Slime:5  | Gained mutation: You are robust. (+10% HP) [potion of
                  | mutation]
 70910 | Slime:5  | Gained mutation: You are partially covered in iridescent
                  | scales. (AC +2) [potion of mutation]
 70911 | Slime:5  | Lost mutation: You passively map a small area around you.
                  | [potion of mutation]
 70911 | Slime:5  | Lost mutation: You are robust. (+10% HP) [potion of
                  | mutation]
 70911 | Slime:5  | Gained mutation: You have a pair of large horns on your
                  | head. [potion of mutation]
 70911 | Slime:5  | Gained mutation: You are weak. (Str -2) [potion of
                  | mutation]
 70911 | Slime:5  | Lost mutation: You are weak. (Str -2) [potion of mutation]
 70912 | Slime:5  | Lost mutation: You have a pair of large horns on your head.
                  | [potion of mutation]
 70912 | Slime:5  | Lost mutation: You are partially covered in iridescent
                  | scales. (AC +2) [potion of mutation]
 70912 | Slime:5  | Gained mutation: You are agile. (Dex +4, Str/Int -1)
                  | [potion of mutation]
 70912 | Slime:5  | Gained mutation: Your natural rate of healing is unusually
                  | fast. [potion of mutation]
 70918 | Slime:5  | Lost mutation: Your body sometimes deteriorates upon taking
                  | damage. [potion of mutation]
 70918 | Slime:5  | Lost mutation: You are agile. (Dex +4, Str/Int -1) [potion
                  | of mutation]
 70918 | Slime:5  | Gained mutation: Your movements are slightly less
                  | encumbered by armour. (ER -2) [potion of mutation]
 70918 | Slime:5  | Gained mutation: You are somewhat resistant to further
                  | mutation. [potion of mutation]
 70918 | Slime:5  | Gained mutation: You have very sharp teeth. [potion of
                  | mutation]
 70997 | Slime:5  | Got a slimy rune of Zot
 71035 | Slime:5  | Identified the +11 spear "Hirgho Remp" {freeze, rC+ Int+2
                  | Dex+3}
 71044 | Slime:5  | Identified the +3 troll leather armour of the Jackalope
                  | {Harm rElec rPois Regen+ Dex-2}
 71070 | Slime:5  | Identified the +6 morningstar "Vinkenub" {venom, Fragile
                  | rCorr Str+4 Dex+3}
 71505 | Zot:1    | Entered Level 1 of the Realm of Zot
 71673 | Zot:2    | Reached skill level 27 in Fighting
 71971 | Zot:5    | Entered Level 5 of the Realm of Zot
 72043 | Zot:5    | Noticed a dread lich
 72076 | Zot:5    | Noticed a Killer Klown
 72077 | Zot:5    | Noticed an ancient lich
 72081 | Zot:5    | Noticed an orb of fire
 72083 | Zot:5    | Noticed a dread lich
 72088 | Zot:5    | Noticed an orb of fire
 72088 | Zot:5    | Noticed a Killer Klown
 72088 | Zot:5    | Gained mutation: You are frail. (-10% HP) [an orb of fire]
 72090 | Zot:5    | Killed an orb of fire
 72091 | Zot:5    | Noticed an orb of fire
 72096 | Zot:5    | Killed a dread lich
 72127 | Zot:5    | Got the Orb of Zot
 72131 | Zot:5    | Noticed a Killer Klown
 72131 | Zot:5    | Noticed an ancient lich
 72131 | Zot:5    | Noticed a Killer Klown
 72131 | Zot:5    | Noticed an orb of fire
 72131 | Zot:5    | Noticed a dread lich
 72271 | Zot:1    | Reached XP level 26. HP: 217/239 MP: 22/22
 72518 | D:13     | Noticed Fubowob the pandemonium lord
 72557 | D:11     | Reached skill level 10 in Throwing
 72718 | D:4      | Noticed Vissaromm the pandemonium lord
 72803 | D:$      | Escaped with the Orb!

Illustrated notes

Levels and vault maps discovered:
D:1:      saegor_arrival_simple_c, layout_loops_ring,
          hellmonk_ecumenical_altar_the_god_not_taken,
          hangedman_decor_peaks_small
D:2:      minmay_wonky_spiral, layout_basic
D:3:      layout_basic, minmay_cut_off
D:4:      layout_basic, minmay_misc_feat_four_crosses, uniq_grinder
D:5:      layout_rooms, mainiacjoe_overflow_catwalk, trog_wizard,
          mainiacjoe_overflow_paths, minmay_temple_entry_oklob,
          grunt_decor_mini_mirrors
D:6:      layout_cave_pools, grunt_temple_overflow_open, uniq_eustachio,
          uniq_blork_the_orc, uniq_duvessa
D:7:      layout_basic, zin_angel, gammafunk_ghost_icy, uniq_pikel
D:8:      layout_rooms
D:9:      layout_loops_ring, kennysheep_just_a_vault, uniq_maggie, uniq_joseph,
          uniq_harold, uniq_maurice
D:10:     minmay_the_grid_four_pointed_star_mashed
          [minmay_the_grid_triangle_9x9_thin_v,
          minmay_the_grid_triangle_9x9_from_above,
          minmay_the_grid_triangle_9x9_zippers_vertical,
          minmay_the_grid_triangle_9x9_empty, minmay_the_grid_prize_big_room],
          layout_cave_pools, mainiacjoe_overflow_six_doors_small, orc_david_3,
          kennysheep_generic_room_8
D:11:     minmay_firetagon, layout_stronghold, gammafunk_ghost_wrathful_warriors
D:12:     layout_roguey, uniq_frances
D:13:     layout_irregular_city
D:14:     layout_cave_pools, grunt_vaults_entry_tiered, minmay_misc_feat_five,
          xom_redecorated
D:15:     hangedman_depths_entry_civil_slaughter, layout_basic,
          kennysheep_pointless_box, minmay_misc_feat_square
Temple:   minmay_temple_curvy_branch
Lair:1:   layout_roguey, serial_forest, infiniplex_forest_pool,
          infiniplex_forest_lined_corner, infiniplex_forest_clump_medium,
          infiniplex_forest_clump_curved, infiniplex_forest_clump_small,
          infiniplex_forest_clump_medium, infiniplex_forest_corner_1,
          infiniplex_forest_clump_cross, columned_hall_lemuel, st_stairs_3
Lair:2:   gammafunk_cloud_chamber, layout_regular_city, grunt_megastairs_5
Lair:3:   layout_chaotic_city, minmay_swamp_entry_reptiles,
          minmay_snake_entry_six_corridors
Lair:4:   layout_layer_cave, slime_entry_1, special_room
          [special_room_mythical_zoo], disabler_island, serial_bayou_shore_a,
          lemuel_fruit_tree
Lair:5:   hangedman_lair_caniforms_friends, layout_gridlike,
          nicolae_volcano_entry_hallway, basic_altar, st_stairs_4,
          uniq_josephine
Swamp:1:  layout_falls_marsh, ebering_ghost_xom,
          nicolae_swamp_feature_on_the_river_bank, swamp_pool5,
          nicolae_swamp_treefoil, nicolae_swamp_some_circles
Swamp:2:  gammafunk_sealed_arena, layout_basic_swamp,
          portal_ice_cave_entry_ice_simulacra, nicolae_swamp_trees_clearing,
          infiniplex_staircase_pool
Swamp:3:  layout_falls_marsh, evilmike_swamp_ruin_house_4
Swamp:4:  swamp_icy, layout_basic_swamp, swamp_pool2, worms_lemuel
Snake:1:  layout_misc_corridors, nicolae_snake_gridmaze_zigzag
Snake:2:  layout_concentric_octagons, serial_shops, shop, nicolae_stop_n_shop_1,
          grunt_ministairs_1, grunt_megastairs_3, minmay_shop_grove,
          serial_bayou_shore_b, uniq_aizul
Snake:3:  layout_cave_town, nicolae_snake_gridmaze_entwining
Snake:4:  grunt_snake_rune_serpentine_throne, layout_rooms, lightli_airlock
Slime:1:  layout_caves
Slime:2:  layout_caves, uniq_dissolution
Slime:3:  layout_caves
Slime:4:  layout_caves
Slime:5
Orc:1:    layout_caves, basic_altar
Orc:2:    st_orc_rangers, layout_caves, minmay_orc_keep, uniq_urug
Elf:1:    nicolae_elf_arrival_aired_out, layout_loops_ring, serial_shops,
          nicolae_diamond_shop, minmay_elf_demonology, minmay_shop_star,
          lemuel_upstairs_altar
Elf:2:    elven_hall_of_blades_hangedman_original
          [nicolae_blade_entry_pointy_end], layout_geoelf_octagon
Elf:3:    elf_hall, layout_geoelf_octagon, minmay_misc_feat_cross, minivault_23,
          chequers_hall_statues_wall_a, nicolae_shop_i_like_big_books,
          st_stairs_4, uniq_roxanne
Vaults:1: ontoclasm_vaults_claustrophobia, grunt_vaults_diagonal, v_pattern_3,
          vaults_room_hallway, ontoclasm_vaults_decontamination,
          nicolae_vaults_windows_and_doors_thing, nicolae_vaults_what_the_h,
          nicolae_vaults_little_squares_3, dpeg_vaults_monster_box, v_misc_32,
          layout_vaults_quadrants
Vaults:2: nicolae_vaults_back_hallway, nicolae_vaults_specimen_jars, v_misc_24,
          ontoclasm_vaults_shuriken, v_misc_17, ontoclasm_vaults_eye,
          hangedman_vaults_corner, nicolae_vaults_stairing_the_circle,
          ontoclasm_vaults_ring_square, vaults_mumra_chevron,
          minmay_crypt_entry_skeletal_spiral, nicolae_vaults_border_crossing,
          nicolae_vaults_little_ls, vaults_dpeg_encased_lava,
          layout_vaults_omnicross, serial_shops, shop
Vaults:3: gammafunk_ghost_mausoleum, hangedman_vaults_nodes,
          nicolae_vaults_theta, v_alt_pattern_1, v_misc_9, v_pattern_2,
          ontoclasm_vaults_echo, v_misc_10, ontoclasm_vaults_twist,
          vaults_room_fours, layout_vaults_big_room
Vaults:4: v_pattern_1, nicolae_vaults_good_morning_starshine,
          grunt_vaults_twisty, nicolae_vaults_network_quincunx
          [nicolae_vaults_network_quincunx_subvault,
          nicolae_vaults_network_quincunx_subvault,
          nicolae_vaults_network_quincunx_subvault,
          nicolae_vaults_network_quincunx_subvault,
          nicolae_vaults_network_quincunx_subvault], vaults_dpeg_diagonal,
          vaults_standard_mumra_lines, nicolae_vaults_three_branches,
          vaults_room_corners, nicolae_vaults_little_squares_6,
          vaults_dpeg_hooks, vaults_room_pool, layout_vaults_omnibox
Vaults:5
Crypt:1:  layout_misc_corridors, gammafunk_ghost_spectres
Crypt:2:  hangedman_hall_of_fallen_heroes, layout_basic
Crypt:3:  evilmike_haunted_forest
Depths:1: layout_gridlike, gammafunk_ghost_ooze, abyss_entry, serial_curves,
          eino_curves_02, eino_curves_03, eino_curves_02, eino_curves_02,
          pan_entry, hell_entry, kennysheep_generic_room_15
Depths:2: minmay_triangles_in_corner, layout_basic, enter_ziggurat_f,
          minivault_14, hangedman_coc_ice_floe, grunt_pan_entry_in_and_out,
          nicolae_lava_and_water, kiku_gazebo_garden_becter,
          minmay_staircase_statues
Depths:3: thingy_vault, layout_gridlike, hangedman_geh_valley, abyss_entry,
          infiniplex_staircase_pool_2
Depths:4: grunt_zot_entry_hairpin, layout_cave_pools,
          grunt_hell_entry_dis_grunt, hellmonk_bongcloud_opening, abyss_entry,
          serial_shops, shop
Zot:1:    layout_gridlike, uniq_josephina
Zot:2:    layout_cellular_growth, grunt_megastairs_4
Zot:3:    nicolae_zot_stationary_front, layout_cathedral_of_symmetry
Zot:4:    layout_cathedral_of_symmetry
Zot:5:    layout_twisted_circle

Skill      XL: |  1  2  3  4  5  6  7  8  9 10 11 12 13 14 15 16 17 18 19 20 21 22 23 24 25 26 |
---------------+-------------------------------------------------------------------------------+-----
Fighting       | 4 5 6 14 15 20 24 27 | 27.0
Armour         | 4 5 7 11 15 17 19 20 24 27 | 27.0
Shields        | 4 5 6 8 10 13 14 15 17 19 20 23 25 27 | 27.0
Axes           | 3 12 13 14 15 17 18 19 20 21 23 26 27 | 27.0
Throwing       | 3 5 8 9 10 | 10.0
Evocations     | 3 5 7 8 9 |  9.7
Dodging        | 4 5 8 |  8.3

Action                   |  1- 3 |  4- 6 |  7- 9 | 10-12 | 13-15 | 16-18 | 19-21 | 22-24 | 25-27 || total
-------------------------+-------+-------+-------+-------+-------+-------+-------+-------+-------++-------
Melee: War axe           |    55 |    68 |    71 |       |       |       |       |       |       ||   194
       Headbutt          |     6 |    10 |    29 |    39 |   308 |   356 |   546 |   602 |   188 ||  2084
       Broad axe         |       |       |    68 |   173 |  1189 |  1295 |  1663 |  1689 |   500 ||  6577
       Unarmed           |       |       |     3 |       |       |       |       |       |       ||     3
       Shillelagh        |       |       |       |       |    24 |       |    17 |       |       ||    41
       Bite              |       |       |       |       |       |       |       |       |    44 ||    44
Throw: Dart              |       |       |       |       |       |     7 |     1 |       |       ||     8
       Javelin           |       |       |       |       |       |     3 |       |       |       ||     3
       Throwing net      |       |       |       |       |       |       |       |       |     1 ||     1
Invok: Potion Petition   |       |       |       |       |     1 |     1 |       |       |       ||     2
       Bribe Branch      |       |       |       |       |       |       |       |       |     6 ||     6
 Abil: Evoke Blink       |       |       |       |       |       |       |       |     1 |       ||     1
Evoke: Wand              |       |     6 |     5 |     7 |    51 |    50 |     9 |     5 |     1 ||   134
       Condenser vane    |       |       |       |       |     2 |     3 |       |       |       ||     5
       Box of beasts     |       |       |       |       |       |     2 |     1 |       |       ||     3
  Use: Potion            |     5 |     4 |     7 |     2 |     6 |    21 |    13 |    10 |    13 ||    81
       Scroll            |     1 |     8 |     7 |     4 |     9 |     7 |    11 |    11 |     6 ||    64
 Stab: Invisible         |     1 |       |       |       |       |     6 |       |       |       ||     7
       Distracted        |       |       |     1 |     2 |    15 |    21 |    21 |    15 |     4 ||    79
       Confused          |       |       |       |       |     2 |       |       |       |       ||     2
       Sleeping          |       |       |       |       |       |     1 |       |       |       ||     1
       Held in net/web   |       |       |       |       |       |       |       |       |     1 ||     1
Armor: Scale mail        |    31 |    17 |    40 |     4 |       |       |       |       |       ||    92
       Skin              |       |       |     1 |       |       |       |       |       |       ||     1
       Plate armour      |       |       |       |    18 |   406 |   261 |   529 |       |       ||  1214
       Swamp dragon scal |       |       |       |     8 |    16 |       |       |       |       ||    24
       Troll leather arm |       |       |       |       |       |     3 |       |       |       ||     3
       Chain mail        |       |       |       |       |       |   112 |       |       |       ||   112
       Pearl dragon scal |       |       |       |       |       |       |    58 |   313 |    68 ||   439
Dodge: Dodged            |    29 |    18 |    34 |    34 |   220 |   367 |   309 |   225 |    46 ||  1282
       Repelled          |       |       |       |       |     3 |    30 |    16 |    10 |     9 ||    68
Block: Buckler           |    16 |     8 |       |       |       |       |       |       |       ||    24
       Kite shield       |       |    16 |    53 |    94 |   550 |   726 |   700 |   468 |       ||  2607
       Reflection        |       |       |       |       |       |       |       |    25 |    10 ||    35
       Tower shield      |       |       |       |       |       |       |       |   308 |   207 ||   515
